 Dungeon Crawl Stone Soup version 0.32-a0-705-g60f233581c (webtiles) character file.

Game seed: 6734649555754416128

958 Ruich the Magician (level 8, -1/58 HPs)
             Began as a Djinni Alchemist on Mar 15, 2024.
             Was a Believer of Qazlal.
             Slain by an unseen horror (5 damage)
             ... on level 6 of the Dungeon.
             The game lasted 00:12:20 (5746 turns).

Ruich the Magician (Djinni Alchemist)               Turns: 5746, Time: 00:12:21

Health: -1/58      AC:  8    Str:  7    XL:     8   Next: 37%
Gold:   353        EV: 11    Int: 19    God:    Qazlal [**....] SH:  8 Dex: 14

rFire   + + .        d - +1 dagger (freeze)
rCold   x . .        (no shield)
rNeg    + . .        a - +0 robe
rPois   ∞            (no helmet)
rElec   .            f - +1 cloak
rCorr   .            (no gloves)
SInv    .            (boots unavailable)
Will    .....        e - amulet of reflection
Stlth   +            c - +4 ring of protection
HPRegen 0.29/turn    r - ring of positive energy
MPRegen 0.00/turn

%: reflection, infuse magic (-2 HP)
@: flying, very slightly contaminated, hasted, very quick
A: sickness immunity, fire resistance 2, cold vulnerability 1, float, innate
caster, HP casting, extra vitality 1
a: Renounce Religion, Upheaval


You were on level 6 of the Dungeon.
You worshipped Qazlal.
Qazlal was pleased with you.
You visited 1 branch of the dungeon, and saw 6 of its levels.

You collected 353 gold pieces.


Innate Abilities, Weirdness & Mutations

You are immune to sickness and miasma.
You are immune to poison.
Your flesh is very heat resistant. (rF++)
You are vulnerable to cold. (rC-)
You float through the air rather than walking.
You learn spells naturally, not from books.
Your magical power is your life essence.
You have superior vitality. (+4 MHP)


   Skills:
 + Level 4.4 Fighting
 - Level 2.1 Dodging
 - Level 1.5 Stealth
 * Level 5.9 Spellcasting
 * Level 5.9 Conjurations
 * Level 5.9 Hexes
   Level 0.0 Charms
 * Level 5.9 Summonings
 * Level 5.9 Necromancy
 * Level 5.9 Translocations
   Level 0.0 Transmutations
 * Level 5.9 Fire Magic
 * Level 5.9 Ice Magic
 * Level 5.9 Air Magic
 * Level 5.9 Earth Magic
 * Level 5.9 Alchemy
 + Level 4.0 Invocations


You knew the following spells:

 Your Spells              Type           Power      Damage    Failure   Level
f - Frozen Ramparts       Ice            56%        1d9       3%          3
m - Mephitic Cloud        Conj/Alch/Air  28%        N/A       3%          3
o - Olgreb's Toxic Radia  Alch           28%        N/A       10%         4
s - Summon Small Mammal   Summ           100%       N/A       1%          1
t - Static Discharge      Conj/Air       56%        3-6/arc   1%          2
y - Sticky Flame          Fire/Alch      28%        2d7       10%         4
z - Sting                 Conj/Alch      100%       1d9       1%          1
X - Mercury Vapours       Alch/Air       56%        N/A       1%          2
Your spell library was empty.

Inventory:

Hand Weapons
 d - a +1 dagger of freezing (weapon)
Armour
 a - a +0 robe (worn)
 f - a +1 cloak (worn)
Jewellery
 c - a +4 ring of protection (left hand)
 e - an amulet of reflection (around neck)
 r - a ring of positive energy (right hand)
Scrolls
 b - a scroll of identify {@r1}
 i - 3 scrolls of fog {unknown}
 j - 4 scrolls of teleportation {@r2}
 m - 2 scrolls of fear
 s - a scroll of enchant weapon
Potions
 g - a potion of haste {@q3}
 h - a potion of cancellation
 k - 3 potions of brilliance {unknown}
 l - a potion of lignification {unknown}
 n - a potion of ambrosia {unknown}
 p - a potion of enlightenment {unknown}

Dungeon Overview and Level Annotations

Branches:
Dungeon (6/15) Zot: 26891
 Temple: D:4-7

Altars:
Cheibriados
Dithmenos
Elyvilon
Gozag
Okawaru
Qazlal
Ru
Trog
Yredelemnul
The Shining One

Shops:
D:5 =

Annotations:
D:6 2 runed translucent doors

#. . .# ##.#.# .###+
#+###..#.# ....
#####.....##.#
..##ß)[ß##....##.#
#.#ß....ß#.......#
#.'......+......>.
###.###.'......+..#.....
.......@#ß....ß#........
###.###.##ß(|ß##..####..
#..)...######...# #.#
######[.......#.# ###
####.......# #.#.#.###
#######


There were no monsters in sight!


Message History

You block something's attack.
The wall freezes something.
Something hits you.
* * * LOW HITPOINT WARNING * * *
The wall freezes something but does no damage.
You feel yourself speed up.
The wall freezes something but does no damage.
Something hits you.
* * * LOW HITPOINT WARNING * * *
The wall freezes something but does no damage. x2
The wall freezes something.
You block something's attack.
The wall freezes something but does no damage.
The wall freezes something.
Unknown command.
The frozen ramparts melt away as you move.
You block something's attack. Something hits you but does no damage.
Unknown command.
Unknown command.
Casting: Olgreb's Toxic Radiance (dangerous; 10% risk of failure)
Confirm with . or Enter, or press ? or * to list all spells.
Okay, then.
Unknown command.
Unknown command.
Casting: Olgreb's Toxic Radiance (dangerous; 10% risk of failure)
Confirm with . or Enter, or press ? or * to list all spells.
You don't know that spell.
Casting: Olgreb's Toxic Radiance (dangerous; 10% risk of failure)
Confirm with . or Enter, or press ? or * to list all spells.
You don't have enough health to cast this spell.
Unknown command.
Something hits you.
You die...

Skill      XL: |  1  2  3  4  5  6  7  8 |
---------------+-------------------------+-----
Fighting       | 1 2 3 4 |  4.4
Spellcasting   | 4 5 |  5.9
Conjurations   | 4 5 |  5.9
Hexes          | 4 5 |  5.9
Summonings     | 4 5 |  5.9
Necromancy     | 4 5 |  5.9
Translocations | 4 5 |  5.9
Fire Magic     | 4 5 |  5.9
Ice Magic      | 4 5 |  5.9
Air Magic      | 4 5 |  5.9
Earth Magic    | 4 5 |  5.9
Alchemy        | 4 5 |  5.9
Invocations    | 2 3 4 |  4.0
Dodging        | |  2.1
Stealth        | |  1.5

Action                     |  1- 3 |  4- 6 |  7- 9 || total
---------------------------+-------+-------+-------++-------
  Melee: Dagger            |       |       |     9 ||     9
   Cast: Sting             |    67 |   151 |    33 ||   251
         Mercury Vapours   |       |     1 |       ||     1
         Static Discharge  |       |     4 |     4 ||     8
         Summon Small Mamm |       |     2 |       ||     2
         Sticky Flame      |       |     1 |     2 ||     3
         Olgreb's Toxic Ra |       |     1 |     5 ||     6
         Frozen Ramparts   |       |       |     8 ||     8
    Use: Scroll            |       |     7 |     8 ||    15
         Potion            |       |       |     1 ||     1
 Armour: Robe              |    15 |    71 |    39 ||   125
  Dodge: Dodged            |     5 |    54 |    22 ||    81
  Block: Other             |       |     4 |     7 ||    11

Levels and vault maps discovered:
D:1:      amcnicky_arrival_gap_in_the_tavern_cellar, layout_rooms
D:2:      layout_rooms, ebering_ecumenical_altar_mist
D:3:      layout_loops_ring, mainiacjoe_overflow_tiny_flanked,
          minmay_misc_feat_tower, minmay_pentomino_pile
D:4:      layout_basic, serial_curves, eino_curves_04, eino_curves_03,
          minmay_fractal_squares_diagonal_5
D:5:      layout_layer_cave, nicolae_overflows_in_rows,
          nicolae_elyvilon_peaceful_grove, serial_shops,
          nicolae_shop_pleasant_corner_grove
D:6:      layout_basic, old_standard_altar, serial_shops, shop,
          minmay_hollow_rounded_squares, uniq_sigmund

Notes
Turn   | Place    | Note
-------+----------+-------------------------------------------
     0 | D:1      | Ruich the Djinni Alchemist began the quest for the Orb.
     0 | D:1      | Ruich set off with the following spells memorised: Sting,
                  | Mercury Vapours, Mephitic Cloud, Olgreb's Toxic Radiance,
                  | Sticky Flame.
     0 | D:1      | Reached XP level 1. HP: 15/15 MP: 0/0
    70 | D:1      | Reached XP level 2. HP: 17/22 MP: 0/0
    76 | D:1      | Reached skill level 1 in Fighting
   290 | D:1      | Reached XP level 3. HP: 22/27 MP: 0/0
   290 | D:1      | Learned a level 1 spell: Summon Small Mammal
   728 | D:2      | Reached XP level 4. HP: 23/32 MP: 0/0
   797 | D:2      | Identified the +2 ring mail "Doow" {Str+9}
   905 | D:2      | Found a faded altar of an unknown god.
   922 | D:2      | Prayed at the altar of an unknown god.
   922 | D:2      | Became a worshipper of Qazlal Stormbringer
   922 | D:2      | Reached * piety under Qazlal
  1047 | D:2      | Reached skill level 4 in Spellcasting
  1047 | D:2      | Reached skill level 4 in Conjurations
  1047 | D:2      | Reached skill level 4 in Hexes
  1047 | D:2      | Reached skill level 4 in Summonings
  1047 | D:2      | Reached skill level 4 in Necromancy
  1047 | D:2      | Reached skill level 4 in Translocations
  1047 | D:2      | Reached skill level 4 in Fire Magic
  1047 | D:2      | Reached skill level 4 in Ice Magic
  1047 | D:2      | Reached skill level 4 in Air Magic
  1047 | D:2      | Reached skill level 4 in Earth Magic
  1047 | D:2      | Reached skill level 4 in Alchemy
  1249 | D:3      | Reached skill level 2 in Fighting
  1259 | D:3      | Reached XP level 5. HP: 18/38 MP: 0/0
  1259 | D:3      | Learned a level 2 spell: Static Discharge
  1500 | D:3      | Reached skill level 1 in Invocations
  1751 | D:3      | Reached ** piety under Qazlal
  2454 | D:4      | Noticed a black bear
  2458 | D:4      | Killed a black bear
  2459 | D:4      | Reached skill level 2 in Invocations
  2459 | D:4      | Reached XP level 6. HP: 28/45 MP: 0/0
  2678 | D:4      | Reached skill level 3 in Fighting
  2994 | D:4      | Noticed a black bear
  3005 | D:4      | Reached XP level 7. HP: 15/50 MP: 0/0
  3005 | D:4      | Learned a level 3 spell: Frozen Ramparts
  3132 | D:4      | Reached skill level 5 in Spellcasting
  3132 | D:4      | Reached skill level 5 in Conjurations
  3132 | D:4      | Reached skill level 5 in Hexes
  3132 | D:4      | Reached skill level 5 in Summonings
  3132 | D:4      | Reached skill level 5 in Necromancy
  3132 | D:4      | Reached skill level 5 in Translocations
  3132 | D:4      | Reached skill level 5 in Fire Magic
  3132 | D:4      | Reached skill level 5 in Ice Magic
  3132 | D:4      | Reached skill level 5 in Air Magic
  3132 | D:4      | Reached skill level 5 in Earth Magic
  3132 | D:4      | Reached skill level 5 in Alchemy
  3352 | D:4      | Reached skill level 3 in Invocations
  4138 | D:5      | Entered Level 5 of the Dungeon
  4387 | D:5      | Found an iron altar of Okawaru.
  4387 | D:5      | Found a snail-covered altar of Cheibriados.
  4388 | D:5      | Found a basalt altar of Yredelemnul.
  4389 | D:5      | Found a sacrificial altar of Ru.
  4389 | D:5      | Found a glowing golden altar of the Shining One.
  4389 | D:5      | Found a stormy altar of Qazlal.
  4391 | D:5      | Found a shadowy altar of Dithmenos.
  4391 | D:5      | Found a bloodstained altar of Trog.
  4391 | D:5      | Found an opulent altar of Gozag.
  4720 | D:5      | Reached skill level 4 in Fighting
  4720 | D:5      | Reached XP level 8. HP: 19/58 MP: 0/0
  4993 | D:5      | Found Riakh's Jewellery Shoppe.
  5010 | D:5      | Found a white marble altar of Elyvilon.
  5661 | D:6      | Found a large runed translucent door.
  5662 | D:6      | Found a large runed translucent door.
  5673 | D:6      | Found a large runed translucent door.
  5673 | D:6      | Found a large runed translucent door.
  5683 | D:6      | Reached skill level 4 in Invocations
  5743 | D:6      | HP: 5/58 [something (3)]
  5746 | D:6      | Slain by an unseen horror

Vanquished Creatures
  2 black bears (D:4)
  A sky beast (D:6)
  An ogre (D:5)
  A centaur (D:5)
  A phantom (D:4)
  A scorpion (D:5)
  A bombardier beetle (D:5)
  2 hounds
  3 orc wizards
  A gnoll (D:1)
  7 adders
  A white imp (D:4)
  2 ribbon worms
  5 dart slugs
  13 orcs
  11 ball pythons
  6 bats
  9 endoplasms
  6 giant cockroaches
  13 hobgoblins
  4 kobolds
  4 quokkas
  5 frilled lizards
  12 goblins
  7 rats
119 creatures vanquished.

Table legend: (Time is in decaauts)
 A = Elapsed time spent in this place.
 B = Non-inter-level travel time spent in this place.
 C = Inter-level travel time spent in this place.
 D = Time resting spent in this place.
 E = Time spent auto-exploring this place.
 F = Levels seen in this place.
 G = Mean time per level.
                   A        B        C        D        E       F      G
               +--------+--------+--------+--------+--------+-----+--------+
         Total |   5745 |   5618 |    127 |   1418 |   3324 |   6 |  957.5 |
       Dungeon |   5745 |   5618 |    127 |   1418 |   3324 |   6 |  957.5 |
               +--------+--------+--------+--------+--------+-----+--------+

Top non-repeatable levels by time:
     D:4: 1718 daAuts
     D:5: 1498 daAuts
     D:3: 1195 daAuts
     D:1: 702 daAuts
     D:2: 522 daAuts
     D:6: 108 daAuts

Table legend:
 A = Non-vault XP
 B = Vault XP
 C = Vault XP percentage of total XP
 D = Non-vault monster count
 E = Vault monster count
 F = Vault count percentage of total count
                 A         B        C        D         E       F
            +---------+---------+-------+---------+---------+-------
      Total |    1220 |     149 |  10.9 |     109 |      10 |   8.4
            +---------+---------+-------+---------+---------+-------
        D:1 |      63 |       0 |   0.0 |      30 |       0 |   0.0
        D:2 |      58 |       0 |   0.0 |      18 |       0 |   0.0
        D:3 |      93 |      22 |  19.1 |      23 |       6 |  20.7
        D:4 |     464 |     127 |  21.5 |      31 |       4 |  11.4
        D:5 |     413 |       0 |   0.0 |       6 |       0 |   0.0
        D:6 |     129 |       0 |   0.0 |       1 |       0 |   0.0
            +---------+---------+-------+---------+---------+-------
